 Dungeon Crawl Stone Soup version 0.21-a0-49-g7bf2ba4 (webtiles) character file.

63 roguesci the Charmwright (level 3, 0/28 HPs)
             Began as a Demonspawn Skald on June 9, 2017.
             Succumbed to an adder's poison
             ... on level 2 of the Dungeon.
             The game lasted 00:04:13 (1631 turns).

roguesci the Charmwright (Demonspawn Skald)         Turns: 1631, Time: 00:04:14

Health: 0/28       AC:  4    Str: 11    XL:     3   Next: 89%
Magic:  3/6        EV: 11    Int: 15    God:
Gold:   65         SH:  0    Dex: 12    Spells: 3/6 levels left

rFire    . . .     SeeInvis .   i - +0 long sword (flame)
rCold    + . .     Gourm    .   (no shield)
rNeg     . . .     Faith    .   b - +0 leather armour
rPois    .         Spirit   .   (no helmet)
rElec    .         Reflect  .   (no cloak)
rCorr    .         Harm     .   (no gloves)
MR       .....                  h - +0 pair of boots
Stlth    +.........             (no amulet)
Regen    0.1/turn               (no ring)
MPRegen  0.1/turn               (no ring)

@: lethally poisoned (0 -> -4), very slightly contaminated, drained
A: hooves 1, cold resistance 1
a: no special abilities


You were on level 2 of the Dungeon.
You were hungry.

You visited 1 branch of the dungeon, and saw 2 of its levels.

You collected 65 gold pieces.

Inventory:

Hand Weapons
 a - a +0 falchion
 i - a +0 long sword of flaming (weapon)
Missiles
 g - 78 stones (quivered)
Armour
 b - a +0 leather armour (worn)
 h - a +0 pair of boots (worn)
Scrolls
 e - 2 scrolls of identify {unknown}
 k - a scroll of remove curse {unknown}
Books
 c - a book of Battle

   Spells                             Type                      Level
   a - Infusion                       Charms                       1
   b - Shroud of Golubria             Charms/Translocation         2
   c - Song of Slaying                Charms                       2
   d - Spectral Weapon                Hexes/Charms                 3
   e - Regeneration                   Charms/Necromancy            3
Comestibles
 d - 2 bread rations
 f - a fruit
 j - a royal jelly


   Skills:
 * Level 2.4(1.4) Fighting
 + Level 2.5(1.6) Long Blades
 + Level 1.2(0.3) Armour
 * Level 2.1(1.2) Dodging
 + Level 0.6(0.0) Stealth
 * Level 2.3(1.4) Spellcasting
 + Level 2.9(1.9) Charms


You had 3 spell levels left.
You knew the following spells:

 Your Spells              Type           Power        Failure   Level  Hunger
a - Infusion              Chrm           #...         14%         1    ##.....
b - Shroud of Golubria    Chrm/Tloc      #.........   30%         2    ###....


Dungeon Overview and Level Annotations

Branches:
Dungeon (2/15)

Altars:
Nemelex Xobeh
Wu Jian
Xom


Innate Abilities, Weirdness & Mutations

You have large cloven feet.
Your flesh is cold resistant. (rC+)


Message History

* * * LOW HITPOINT WARNING * * *
You feel sick. The adder misses you. The adder barely misses you.
You hit the adder. You burn the adder.
You kill the adder!
* * * LOW HITPOINT WARNING * * *
You feel sick.
You aren't carrying any potions.
There is a lethal amount of poison in your body!
There is a lethal amount of poison in your body!
There is a lethal amount of poison in your body!
You found an alarm trap!
* * * LOW HITPOINT WARNING * * *
You feel sick.
Found a shimmering altar of Xom.
Your shroud unravels.
* * * LOW HITPOINT WARNING * * *
You feel sick.
* * * LOW HITPOINT WARNING * * *
You feel sick.
You die...

..#.^##..#
.≈._..≈##.##
#_♣≈.≈≈._≈#..#
( ..≈__.._...#
≈.#≈≈#...#..#
_^^≈..##.##
.≈__###..#
##.###..##
#...@.##
#######


There were no monsters in sight!

Vanquished Creatures
  3 adders (D:2)
  An ooze (D:1)
  A dart slug (D:2)
  A leopard gecko (D:2)
  2 ball pythons (D:2)
  2 goblins
  4 hobgoblins
  5 kobolds
  3 bats
  4 frilled lizards
  6 rats
32 creatures vanquished.

Notes
Turn   | Place    | Note
-------+----------+-------------------------------------------
     0 | D:1      | roguesci the Demonspawn Skald began the quest for the Orb.
     0 | D:1      | Reached XP level 1. HP: 16/16 MP: 3/3
   371 | D:1      | Gained mutation: Your flesh is cold resistant. (rC+) [demonic ancestry]
   371 | D:1      | Reached XP level 2. HP: 17/22 MP: 5/5
   381 | D:1      | Learned a level 2 spell: Shroud of Golubria
   877 | D:2      | Gained mutation: You have large cloven feet. [demonic ancestry]
   877 | D:2      | Reached XP level 3. HP: 24/28 MP: 6/6
   880 | D:2      | Found an ornate altar of the Wu Jian Council.
  1194 | D:2      | Reached skill level 1 in Armour
  1480 | D:2      | Found a sparkling altar of Nemelex Xobeh.
  1596 | D:2      | Found a shimmering altar of Xom.
  1598 | D:2      | Found a shimmering altar of Xom.
  1599 | D:2      | Found a shimmering altar of Xom.
  1608 | D:2      | Found a shimmering altar of Xom.
  1608 | D:2      | Found a shimmering altar of Xom.
  1608 | D:2      | Found a shimmering altar of Xom.
  1608 | D:2      | Found a shimmering altar of Xom.
  1609 | D:2      | Found a shimmering altar of Xom.
  1624 | D:2      | Found a shimmering altar of Xom.
  1628 | D:2      | HP: 1/28 [poisoned by an adder]
  1631 | D:2      | Succumbed to an adder's poison

Vault maps used:
D:1:      lemuel_arrival_behind_the_door_large
D:2:      lemuel_crystal_altar, xom_redecorated, overflow_temple_1_default,
          first_bread

Skill      XL: |  1  2  3 |
---------------+----------+-----
Long Blades    | 2 |  2.5
Dodging        | 2 |  2.1
Armour         | 1 |  1.2
Fighting       | |  2.4
Stealth        | |  0.6
Spellcasting   | |  2.3
Charms         | |  2.9

Action                   || total
-------------------------++-------
Melee: Falchion          ||    40
       Long sword        ||    73
Throw: Stone             ||     1
 Cast: Shroud of Golubri ||     2
  Eat: Chunk             ||     2
Armor: Leather armour    ||    28
Dodge: Dodged            ||   103
       Rpst.: Falchion   ||    10
       Long sword        ||    18
